 Dungeon Crawl Stone Soup version 0.17.1-3-g152610e (webtiles) character file.

69 Gargoyl the Skirmisher (level 4, -4/37 HPs)
             Began as a Demonspawn Abyssal Knight on Mar 4, 2016.
             Was a Follower of Lugonu.
             Slain by Grinder (9 damage)
             ... on level 3 of the Dungeon.
             The game lasted 00:03:30 (2235 turns).

Gargoyl the Skirmisher (Demonspawn Abyssal Knight)  Turns: 2235, Time: 00:03:30

Health: -4/37      AC:  5    Str: 14    XL:     4   Next: 2%
Magic:  6/6        EV: 17    Int: 18    God:    Lugonu [*.....]
Gold:   83         SH:  0    Dex: 17    Spells: 0 memorised, 3 levels left

rFire  + . .     SeeInvis .     a - +1 hand axe
rCold  + . .     Clarity  .     b - +0 leather armour
rNeg   + . .     SustAt   .     (no shield)
rPois  +         Gourm    .     (no helmet)
rElec  +         Spirit   .     q - +1 cloak {rPois}
rCorr  +         Warding  +     (no gloves)
rMut   .         Stasis   .     (no boots)
MR     .....                    d - amulet of warding
Stlth  ++........               (no ring)
                                (no ring)

@: brilliant, agile, resistant, not resistant to hostile enchantments,
unstealthy
A: talons 1
a: Depart the Abyss, Renounce Religion


You were on level 3 of the Dungeon.
You worshipped Lugonu.
Lugonu was aware of your devotion.
You were not hungry.

You visited 1 branch of the dungeon, and saw 3 of its levels.
You visited the Abyss 1 time.

You collected 83 gold pieces.

Inventory:

Hand Weapons
 a - a +1 hand axe (weapon)
Armour
 b - a +0 leather armour (worn)
 q - a +1 cloak of poison resistance (worn)
Jewellery
 d - an amulet of warding (around neck)
Scrolls
 e - a scroll of remove curse
 h - a scroll of immolation {unknown}
 i - a scroll of fear {unknown}
 j - a scroll of teleportation {unknown}
 m - a scroll of enchant armour {unknown}
Comestibles
 c - 3 bread rations
 g - 5 fruits
 n - a beef jerky
 p - a chunk of flesh


   Skills:
 + Level 3.7 Fighting
 + Level 2.2 Axes
 + Level 2.4 Armour
 + Level 1.3 Dodging
 + Level 3.0 Invocations


You had 3 spell levels left.
You didn't know any spells.

Dungeon Overview and Level Annotations

Branches:
Dungeon (3/15)

Altars:
Sif Muna

Annotations:
D:3 Grinder


Innate Abilities, Weirdness & Mutations

You have sharp toenails.


Message History

It was a potion of resistance.
You feel protected. Something hits you.
* * * LOW HITPOINT WARNING * * *
Drink which item? (? for menu, Esc to quit)
You feel better. Something hits you but does no damage.
Drink which item? (? for menu, Esc to quit)
It was a potion of agility.
You feel agile all of a sudden.
You suddenly lose the ability to move!
Something hits you but does no damage. Something hits you! Something hits you.
* * * LOW HITPOINT WARNING * * *
Something hits you.
* * * LOW HITPOINT WARNING * * *
Something hits you but does no damage.
You can move again.
You barely miss something. Your kick misses something. Something hits you!
You die...

#........#
#.^<.....#
#..<.....#
#........####
#............
#.###..######
##.# ##.#
#####..####.#
#..{@........
#..#########.#
#. .. # .##


There were no monsters in sight!

Vanquished Creatures
  Crazy Yiuf (D:2)
  An adder (D:2)
  3 worms (D:2)
  2 giant geckos (D:2)
  A giant cockroach (D:1)
  3 goblins
  4 hobgoblins (D:1)
  3 kobolds (D:1)
  3 bats
  A rat (D:3)
22 creatures vanquished.

Notes
Turn   | Place    | Note
--------------------------------------------------------------
     0 | Abyss:1  | Gargoyl the Demonspawn Abyssal Knight began the quest for the Orb.
     0 | Abyss:1  | Reached XP level 1. HP: 18/18 MP: 2/2
   122 | Abyss:1  | Noticed a spatial vortex
   123 | Abyss:1  | Noticed a spatial maelstrom
   123 | Abyss:1  | Noticed a spatial vortex
   123 | Abyss:1  | Noticed a spatial vortex
   123 | Abyss:1  | Noticed a spatial vortex
   124 | Abyss:1  | Noticed a spatial vortex
   127 | Abyss:1  | Noticed a spatial vortex
   127 | Abyss:1  | Noticed a spatial vortex
   128 | Abyss:1  | Noticed a spatial vortex
   129 | D:1      | Escaped the Abyss
   356 | D:1      | Reached * piety under Lugonu
   416 | D:1      | Gained mutation: You have sharp toenails. [demonic ancestry]
   416 | D:1      | Reached XP level 2. HP: 22/24 MP: 4/4
   519 | D:1      | Reached skill level 1 in Dodging
  1300 | D:2      | Found a deep blue altar of Sif Muna.
  1376 | D:2      | Reached XP level 3. HP: 18/29 MP: 5/5
  2013 | D:2      | Noticed Crazy Yiuf
  2026 | D:2      | Killed Crazy Yiuf
  2026 | D:2      | Reached XP level 4. HP: 32/37 MP: 6/6
  2215 | D:3      | Noticed Grinder
  2218 | D:3      | Paralysed by something for 2 turns
  2229 | D:3      | Paralysed by something for 6 turns
  2235 | D:3      | Slain by Grinder

Action                   |  1- 3 |  4- 6 || total
-------------------------+-------+-------++-------
Melee: Hand axe          |    78 |    11 ||    89
Invok: Depart the Abyss  |     1 |       ||     1
  Use: Scroll            |     2 |       ||     2
       Potion            |       |     5 ||     5
  Eat: Chunk             |     3 |     1 ||     4
